 Dungeon Crawl Stone Soup version 0.29.1-15-g9cfb28693d (webtiles) character file.

Game seed: 10963012897297526137

288 dobroeutro the Cudgeller (level 6, -1/37 HPs)
             Began as a Gargoyle Fighter on Apr 22, 2023.
             Slain by an orc
             ... wielding a +0 trident
              (4 damage)
             ... on level 4 of the Dungeon.
             The game lasted 00:02:50 (2922 turns).

dobroeutro the Cudgeller (Gargoyle Fighter)         Turns: 2922, Time: 00:02:53

Health: -1/37      AC: 13    Str: 21    XL:     6   Next: 31%
Magic:  6/6        EV:  9    Int:  9    God:
Gold:   171        SH:  0    Dex:  9    Spells: 5/5 levels left

rFire   . . .      SeeInvis +   a - +0 flail
rCold   . . .      Faith    .   c - +0 buckler
rNeg    + . .      Spirit   .   b - +0 scale mail
rPois   ∞          Reflect  .   (no helmet)
rElec   +          Harm     .   (no cloak)
rCorr   .          Rampage  .   (no gloves)
Will    .....                   (no boots)
Stlth   ..........              (no amulet)
HPRegen 0.12/turn               (no ring)
MPRegen 0.10/turn               (no ring)

@: confused, invisible
A: sickness immunity, AC +4, negative energy resistance 1, electricity
resistance, torment resistance 1, petrification resistance, iridescent scales 1,
see invisible
a: no special abilities


You were on level 4 of the Dungeon.
You visited 1 branch of the dungeon, and saw 4 of its levels.

You collected 171 gold pieces.

Inventory:

Hand Weapons
 a - a +0 flail (weapon)
Armour
 b - a +0 scale mail (worn)
 c - a +0 buckler (worn)
Jewellery
 i - a ring of fire
Wands
 p - a wand of charming (9)
Scrolls
 e - a scroll of poison {unknown}
 h - 2 scrolls of enchant weapon {unknown}
 l - 2 scrolls of enchant armour {unknown}
 m - 2 scrolls of fog {unknown}
 n - 2 scrolls of teleportation {unknown}
 r - 2 scrolls of magic mapping {unknown}
 s - a scroll of torment {unknown}
 u - a scroll of silence {unknown}
 x - a scroll of identify {unknown}
Potions
 d - 2 potions of might
 f - 2 potions of curing {unknown}
 g - a potion of haste {unknown}
 j - a potion of degeneration {unknown}
 k - 3 potions of flight {unknown}
 o - a potion of invisibility
 q - 2 potions of heal wounds {unknown}
 t - a potion of mutation
 v - a potion of lignification {unknown}
 w - a potion of berserk rage {unknown}


   Skills:
 - Level 3.2 Fighting
 + Level 6.5 Maces & Flails
 - Level 3.2 Armour
 - Level 3.2 Shields


You had 5 spell levels left.
You didn't know any spells.
Your spell library contained the following spells:

 Spells                   Type           Power      Damage    Failure   Level
 Apportation              Tloc           0%         N/A       82%         1
 Dazzling Flash           Conj/Hex       0%         N/A       99%         3
 Agony                    Necr           0%         N/A       100%        5
 Silence                  Hex/Air        0%         N/A       100%        5
 Summon Forest            Summ/Tloc      0%         N/A       100%        5
 Eringya's Noxious Bog    Tmut/Pois      0%         N/A       100%        6
 Summon Hydra             Summ           0%         N/A       100%        7


Dungeon Overview and Level Annotations

Branches:
Dungeon (4/15)
 Temple: D:4-7

Altars:


Innate Abilities, Weirdness & Mutations

You are immune to sickness and miasma.
Your stone body is resilient. (AC +4)
You are immune to poison.
You resist negative energy. (rN+)
You are resistant to electric shocks. (rElec)
You are resistant to unholy torment.
You are immune to petrification.
You are partially covered in iridescent scales. (AC +2)
You have supernaturally acute eyesight. (SInv)


Message History

The orc hits you from afar with a +0 trident.
You bump into the rock wall.
Something hits you but does no damage.
The orc hits you from afar with a +0 trident.
Something hits you.
You hear some strange, mumbled words.
You are more confused.
The orc hits you from afar with a +0 trident.
Something hits you but does no damage. Something hits you but does no damage.
You hear some strange, mumbled words.
A puff of flame appears from out of thin air!
The puff of flame hits you. Something hits you but does no damage.
The orc hits you but does no damage. Something hits you but does no damage.
A magic dart appears from out of thin air!
The magic dart hits you.
* * * LOW HITPOINT WARNING * * *
An orc wizard appears from thin air!
Reactivating autopickup.
The orc attacks as you move away! The orc completely misses you.
The orc attacks as you move away! The orc hits you but does no damage.
The orc wizard points at you and mumbles some strange words.
The magic dart hits you.
* * * LOW HITPOINT WARNING * * *
The orc wizard casts a spell.
The orc wizard flickers and vanishes!
Deactivating autopickup; reactivate with Ctrl-A.
The orc hits you but does no damage.
It was a potion of invisibility.
You fade into invisibility!
You feel less confused. The orc hits you with a +0 club.
* * * LOW HITPOINT WARNING * * *
It was a potion of mutation.
You feel extremely strange.
Iridescent scales grow over part of your body.
Your vision sharpens.
Reactivating autopickup.
The orc wizard gestures at you while chanting.
You are confused.
The orc hits you from afar with a +0 trident.
You die...

#......# ....
#......# ......
#......# .......
#......######.......
#####.....#........
##...o[........##
#...............#
#....oo.>.......#
#......o@.......#
#.........<.....#
#...............#
#...............#
##.............##
##.....#.....##
#############


You could see 2 orc wizards and 2 orcs.

Vanquished Creatures
  A scorpion (D:4)
  Jessica (D:3)
  An orc wizard (D:3)
  Natasha (D:3)
  7 adders
  2 worms
  3 dart slugs (D:2)
  5 orcs
  7 bats
  6 endoplasms
  4 giant cockroaches
  6 goblins
  6 hobgoblins
  4 quokkas
  4 ball pythons
  3 frilled lizards
  4 kobolds
  5 rats
70 creatures vanquished.

Notes
Turn   | Place    | Note
-------+----------+-------------------------------------------
     0 | D:1      | dobroeutro the Gargoyle Fighter began the quest for the
                  | Orb.
     0 | D:1      | Reached XP level 1. HP: 14/14 MP: 1/1
   233 | D:1      | Reached XP level 2. HP: 19/19 MP: 2/2
   372 | D:1      | Found a faded altar of an unknown god.
   544 | D:1      | Reached skill level 3 in Maces & Flails
   893 | D:2      | Reached XP level 3. HP: 23/23 MP: 3/3
  1153 | D:2      | Reached skill level 4 in Maces & Flails
  1228 | D:2      | Reached XP level 4. HP: 18/28 MP: 4/4
  1783 | D:3      | Reached skill level 5 in Maces & Flails
  1783 | D:3      | Reached XP level 5. HP: 32/32 MP: 5/5
  2245 | D:3      | Noticed Jessica
  2253 | D:3      | Killed Jessica
  2392 | D:3      | Got Jessica's Secrets of Displacement
  2782 | D:4      | Noticed Natasha
  2795 | D:3      | Killed Natasha
  2796 | D:3      | Reached skill level 6 in Maces & Flails
  2798 | D:3      | Reached XP level 6. HP: 36/37 MP: 6/6
  2803 | D:4      | Identified the +0 leather armour of Allar {MP+9}
  2922 | D:4      | Gained mutation: You are partially covered in iridescent
                  | scales. (AC +2) [potion of mutation]
  2922 | D:4      | Gained mutation: You have supernaturally acute eyesight.
                  | (SInv) [potion of mutation]
  2922 | D:4      | Slain by an orc

Illustrated notes

Levels and vault maps discovered:
D:1:      lightli_arrival_maybe_door_vault, layout_basic, basic_ecumenical_altar
D:2:      layout_loops_ring, minmay_between
D:3:      layout_loops_ring, grunt_decor_fettered, kennysheep_jessica_study
D:4:      layout_rooms, gammafunk_ghost_grave, uniq_sigmund, uniq_natasha

Skill      XL: |  1  2  3  4  5 |
---------------+----------------+-----
Maces & Flails | 3 4 5 6 |  6.5
Fighting       | |  3.2
Armour         | |  3.2
Shields        | |  3.2

Action                   |  1- 3 |  4- 6 || total
-------------------------+-------+-------++-------
Melee: Flail             |   101 |   143 ||   244
  Use: Potion            |       |     2 ||     2
Armor: Scale mail        |    55 |    90 ||   145
Dodge: Dodged            |    49 |    73 ||   122
Block: Buckler           |    17 |    35 ||    52
